 Dungeon Crawl Stone Soup version 0.29-a0-378-gc08b2e8bf8 (webtiles) character file.

Game seed: 13706207965854131635

39072 happo123 the Cleaver (level 13, -9/128 HPs)
             Began as a Troll Berserker on May 4, 2022.
             Was a High Priest of Trog.
             Mangled by a snapping turtle (19 damage)
             ... on level 4 of the Shoals.
             The game lasted 01:52:39 (13354 turns).

happo123 the Cleaver (Troll Berserker)             Turns: 13354, Time: 01:52:41

Health: -9/128     AC: 16    Str: 36    XL:     13   Next: 67%
Magic:  0/4        EV: 10    Int:  3    God:    Trog [*****.]
Gold:   1213       SH: 11    Dex: 12    Spells: 12/12 levels left

rFire   . . .      SeeInvis +   G - +6 broad axe (antimagic)
rCold   . . .      Faith    .   n - +2 kite shield of Resilience {-Cast rElec Dex+3 SInv}
rNeg    + . .      Spirit   +   D - +0 swamp dragon scales
rPois   +          Reflect  .   (helmet restricted)
rElec   +          Harm     .   T - +0 cloak
rCorr   +          Rampage  .   (gloves unavailable)
Will    ++...      NoCast   +   (boots unavailable)
Stlth   +++.......              O - amulet of guardian spirit
HPRegen 2.11/turn               e - +6 ring of strength
MPRegen 0.09/turn               u - ring "Uryelog" {rN+ rCorr AC+4 SInv}

@: strong-willed, regenerating, studying Short Blades
A: large, unfitting armour, claws 3, regeneration 1, shaggy fur 1, tough skin 1,
talons 1, camouflage 1, weak 1
a: Renounce Religion, Berserk, Trog's Hand, Brothers in Arms


You were on level 4 of the Shoals.
You worshipped Trog.
Trog was extremely pleased with you.
You visited 3 branches of the dungeon, and saw 17 of its levels.

You collected 1219 gold pieces.
You spent 6 gold pieces at shops.

Inventory:

Hand Weapons
 a - the +7 rapier of the Growing Goat {holy, rC- Str+2 Dex+4}
   (You found it on level 2 of the Lair of Beasts)

   It has been blessed by the Shining One to cause great damage to the undead
   and demons.
   Str:       It affects your strength (+2).
   Dex:       It affects your dexterity (+4).
   rC:        It makes you vulnerable to cold.
 k - a +1 demon trident of electrocution
 r - the +8 hand axe "Nunuadea" {protect, *Corrode rElec Str+3}
   (You found it on level 3 of the Dungeon)

   It grants its wielder temporary protection when it strikes (+7 to AC).
   Str:       It affects your strength (+3).
   rElec:     It insulates you from electricity.
   *Corrode:  It may corrode you when you take damage.
 B - a +0 arbalest
 E - the +9 whip "Beastbane" {antimagic, rPois rF+ Will+}
   (You took it off an orc on level 5 of the Dungeon)

   It reduces the magical energy of the wielder, and disrupts the spells and
   magical abilities of those it strikes.
   Natural abilities and divine invocations are not affected.
   rF:        It protects you from fire.
   rPois:     It protects you from poison.
   Will:      It increases your willpower.
 G - a +6 antimagic broad axe (weapon)
 P - a +2 demon whip of draining
Missiles
 t - 18 boomerangs (quivered)
 x - 2 throwing nets
Armour
 h - the +1 robe "Ymoixaod" {rC+ Str+3}
   (You found it on level 2 of the Dungeon)

   Str:       It affects your strength (+3).
   rC:        It protects you from cold.
 n - the +2 kite shield of Resilience (worn) {-Cast rElec Dex+3 SInv}
   (You found it on level 2 of the Dungeon)

   Dex:       It affects your dexterity (+3).
   rElec:     It insulates you from electricity.
   SInv:      It lets you see invisible.
   -Cast:     It prevents spellcasting.
 D - +0 swamp dragon scales (worn)
 K - a +2 robe of willpower
 R - +0 acid dragon scales
 T - a +0 cloak (worn)
Jewellery
 e - a +6 ring of strength (left claw)
 u - the ring "Uryelog" (right claw) {rN+ rCorr AC+4 SInv}
   (You found it on level 1 of the Shoals)

   [ring of protection]

   AC:        It affects your AC (+4).
   rN:        It protects you from negative energy.
   SInv:      It lets you see invisible.
   rCorr:     It protects you from acid and corrosion.
 O - an amulet of guardian spirit (around neck)
 S - a ring of ice
Wands
 m - a wand of polymorph (11)
 C - a wand of digging (3)
 I - a wand of flame (10)
 L - a wand of paralysis (4)
 N - a wand of iceblast (2)
 U - a wand of mindburst (4)
Scrolls
 c - 3 scrolls of enchant weapon
 g - 4 scrolls of vulnerability
 i - 5 scrolls of teleportation
 o - a scroll of identify
 y - 2 scrolls of fog
 z - 2 scrolls of fear
 A - a scroll of enchant armour {unknown}
 F - a scroll of summoning {unknown}
 H - 2 scrolls of immolation
 J - a scroll of brand weapon {unknown}
 M - a scroll of silence
 V - a scroll of magic mapping {unknown}
 Y - a scroll of torment
Potions
 b - 8 potions of curing
 d - 4 potions of attraction
 f - a potion of ambrosia {unknown}
 j - 6 potions of lignification
 p - 2 potions of might
 q - 3 potions of berserk rage
 s - 3 potions of haste
 v - a potion of cancellation {unknown}
 w - 2 potions of mutation
 Q - a potion of heal wounds {unknown}
 X - 2 potions of resistance
Miscellaneous
 l - a box of beasts


   Skills:
 + Level 8.5 Fighting
 + Level 12.3 Axes
 + Level 1.7 Throwing
 + Level 6.4 Armour
 + Level 7.3 Dodging
 + Level 3.6 Stealth
 + Level 7.6 Shields
 + Level 5.5 Unarmed Combat
 + Level 1.0 Evocations


You had 12 spell levels left.
You didn't know any spells.
Your spell library was empty.

Dungeon Overview and Level Annotations

Branches:
Dungeon (11/15)            Temple (0/1) D:7            Lair (2/6) D:11
 Shoals (4/4) Lair:2          Orc (0/2) D:11
  Snake: Lair:2-4    Spider: Lair:2-4

Altars:
Elyvilon
Okawaru
Wu Jian
Xom
Beogh

Shops:
D:7 *   D:8 *   D:11 [   Shoals:1 [   Shoals:4 *


Innate Abilities, Weirdness & Mutations

You are too large for most types of armour.
You have claws for hands.
Your natural rate of healing is unusually fast.
You are covered in fur. (AC +1)
You have tough skin. (AC +1)
You have sharp toenails.
Your skin changes colour to match your surroundings (Stealth+).
You are weak. (Str -2)


Message History

The merfolk impaler hits you but does no damage.
The snapping turtle bites you from afar!!
The merfolk impaler barely misses you.
You miss the merfolk impaler. Your kick misses the merfolk impaler.
You slash the snapping turtle! The snapping turtle bites you!
The merfolk impaler misses you. The merfolk impaler closely misses you.
You miss the merfolk impaler. Your kick misses the merfolk impaler.
You slash the snapping turtle! The snapping turtle closely misses you.
The merfolk impaler barely misses you. The snapping turtle bites you!!
You miss the merfolk impaler. You hit the snapping turtle.
You slash the manticore! The merfolk impaler closely misses you.
You block the merfolk impaler's attack.
The manticore bites you but does no damage.
The manticore claws you.
The manticore claws you but does no damage.
The snapping turtle bites you!!
Your skin crawls.
You feel strong-willed.
The merfolk impaler hits you with a +0 trident.
The merfolk impaler closely misses you. The manticore bites you!
You block the manticore's attack. The manticore claws you.
* * * LOW HITPOINT WARNING * * *
The snapping turtle bites you!
* * * LOW HITPOINT WARNING * * *
Okay, then.
Your troll goes berserk!
You block the merfolk impaler's attack. The manticore bites you!
* * * LOW HITPOINT WARNING * * *
The manticore claws you but does no damage.
The manticore claws you!
* * * LOW HITPOINT WARNING * * *
The snapping turtle barely misses you. You block the merfolk impaler's attack.
As you read the scroll of fear, it crumbles to dust.
You assume a fearsome visage.
The snapping turtle easily resists.
The manticore looks frightened!
The merfolk impaler looks frightened!
You block the snapping turtle's attack.
Your skin crawls.
You feel strong-willed. The snapping turtle bites you!!
You die...

≈≈≈≈≈≈≈≈≈≈≈≈≈≈≈≈≈≈≈
.≈≈≈≈≈≈≈≈≈≈≈≈≈≈≈≈≈≈
.≈≈≈≈≈≈≈≈≈≈≈≈≈≈≈≈≈≈
.≈≈≈≈≈≈≈≈≈≈≈≈≈≈≈≈≈
..≈≈≈≈≈≈≈≈≈≈≈≈≈≈≈≈
.....≈≈≈≈≈≈≈H≈≈≈≈≈
.≈≈..≈≈≈≈≈T≈≈≈≈≈≈≈
.#≈#≈#≈≈≈≈≈≈≈≈≈≈≈≈
# #####≈@.≈≈m≈≈≈≈
.≈ ≈≈###t≈≈≈≈≈≈≈ .
≈≈≈≈≈##≈≈≈≈≈≈≈≈ #≈
≈#≈≈#≈≈≈≈≈≈≈≈≈ ≈≈
≈≈t#≈≈≈≈≈≈≈≈≈
≈≈#m#≈≈##≈≈≈≈≈≈≈≈
≈≈H≈≈ #≈≈≈≈≈≈≈≈
#≈≈##≈≈≈≈≈≈≈≈
#≈≈≈≈≈≈≈≈≈≈


You could see a merfolk impaler (fleeing), a snapping turtle, a manticore
(fleeing, ally target) and a friendly troll (summoned, berserk).

Vanquished Creatures
  Polyphemus (Shoals:4)
  A merfolk impaler (Shoals:1)
  A merfolk javelineer (Shoals:1)
  3 boulder beetles
  A catoblepas (Shoals:4)
  3 two-headed ogres
  A centaur warrior (Shoals:1)
  4 death yaks (Shoals:4)
  3 sea snakes (Shoals:1)
  A skeletal warrior (D:8)
  10 manticores
  2 oklob plants (Shoals:1)
  4 fauns (Shoals:1)
  5 merfolk sirens
  2 water nymphs
  Joseph (D:9)
  3 cane toads (Lair:1)
  A yaktaur (Shoals:3)
  A rime drake (Lair:1)
  3 komodo dragons
  8 merfolk
  Grinder (D:3)
  5 wind drakes
  2 trolls
  4 snapping turtles
  A vampire (D:11)
  3 wyverns
  34 yaks
  4 water elementals
  3 shadows
  A basilisk (Lair:1)
  Edmund (D:6)
  A steam dragon (D:8)
  3 vampire mosquitoes (D:10)
  2 acid dragons
  6 water moccasins (Lair:1)
  3 black bears
  2 ice beasts
  4 orc warriors
  2 ogres
  6 wolves (Lair:1)
  6 centaurs
  A phantom (D:11)
  A kobold brigand (D:9)
  3 bullfrogs
  3 necrophages
  A gnoll sergeant (D:9)
  7 scorpions
  8 wights
  The ghost of spaghetti the Covert, a weakling GnDe of Cheibriados (D:5)
  A troll zombie (D:11)
  A howler monkey (D:7)
  4 jellies
  6 hounds
  3 orc priests
  Natasha (thrice) (D:2)
  2 iguanas (D:5)
  15 orc wizards
  5 ogre zombies (D:11)
  4 gnolls
  5 adders
  2 shadow imps
  4 white imps
  2 ufetubi
  2 worms
  5 dart slugs
  54 orcs
  5 endoplasms
  2 giant cockroaches
  9 goblins
  13 hobgoblins
  4 jackals
  4 quokkas
  4 ball pythons
  5 bats
  2 frilled lizards
  2 goblin skeletons (D:11)
  A goblin zombie (D:11)
  A hobgoblin skeleton (D:11)
  A hobgoblin zombie (D:11)
  11 kobolds
  3 orc skeletons (D:11)
  11 orc zombies (D:11)
  2 rats
376 creatures vanquished.

Vanquished Creatures (collateral kills)
  A black bear (D:11)
1 creature vanquished.

Vanquished Creatures (others)
  11 fungi
  22 plants
33 creatures vanquished.

Grand Total: 410 creatures vanquished

Notes
Turn   | Place    | Note
-------+----------+-------------------------------------------
     0 | D:1      | happo123 the Troll Berserker began the quest for the Orb.
     0 | D:1      | Reached XP level 1. HP: 22/22 MP: 0/0
   266 | D:1      | Reached XP level 2. HP: 28/29 MP: 1/1
   529 | D:2      | Reached XP level 3. HP: 29/36 MP: 2/2
   540 | D:2      | Identified the +1 robe "Ymoixaod" {rC+ Str+3}
   560 | D:2      | Reached ** piety under Trog
   628 | D:2      | Noticed Natasha
   637 | D:2      | Killed Natasha
   638 | D:2      | Reached XP level 4. HP: 45/45 MP: 3/3
   656 | D:2      | Noticed Natasha
   664 | D:2      | Killed Natasha
   797 | D:2      | Noticed Natasha
   822 | D:2      | Killed Natasha
   837 | D:2      | Identified the +2 kite shield of Resilience {-Cast rElec
                  | Dex+3 SInv}
   969 | D:2      | Reached XP level 5. HP: 53/53 MP: 4/4
  1243 | D:3      | Noticed Grinder
  1243 | D:3      | Paralysed by Grinder for 3 turns
  1256 | D:3      | Killed Grinder
  1257 | D:3      | Reached skill level 5 in Unarmed Combat
  1257 | D:3      | Reached XP level 6. HP: 61/61 MP: 5/5
  1297 | D:3      | Found a faded altar of an unknown god.
  1578 | D:3      | Identified the +8 hand axe "Nunuadea" {protect, *Corrode
                  | rElec Str+3}
  1906 | D:3      | Found an iron altar of Okawaru.
  2177 | D:4      | Reached skill level 1 in Axes
  2177 | D:4      | Reached skill level 1 in Shields
  2177 | D:4      | Reached XP level 7. HP: 51/67 MP: 6/6
  2220 | D:4      | Reached *** piety under Trog
  2587 | D:4      | Reached skill level 2 in Axes
  2733 | D:5      | Entered Level 5 of the Dungeon
  2843 | D:5      | Found a runed translucent gate.
  2849 | D:5      | Found a runed translucent gate.
  2849 | D:5      | Noticed spaghetti's ghost (weakling GnDe)
  2850 | D:5      | Found a runed translucent gate.
  2850 | D:5      | Identified the +9 whip "Beastbane" {antimagic, rPois rF+
                  | Will+}
  2929 | D:5      | Reached skill level 3 in Axes
  3050 | D:5      | Reached XP level 8. HP: 75/78 MP: 7/7
  3563 | D:5      | Killed spaghetti's ghost
  3564 | D:5      | Reached skill level 4 in Axes
  3834 | D:6      | Noticed Edmund
  3848 | D:6      | Reached skill level 1 in Stealth
  3856 | D:6      | Killed Edmund
  4122 | D:6      | Reached skill level 5 in Axes
  4122 | D:6      | Reached skill level 1 in Armour
  4579 | D:6      | Reached **** piety under Trog
  4639 | D:7      | Found a staircase to the Ecumenical Temple.
  4648 | D:7      | Reached skill level 5 in Dodging
  4648 | D:7      | Reached XP level 9. HP: 85/85 MP: 8/8
  4761 | D:7      | Reached skill level 6 in Axes
  4918 | D:7      | Found Pegrypsov's CLEARANCE SALE!.
  4942 | D:7      | Bought a +0 dagger for 6 gold pieces
  5070 | D:8      | Identified the +5 ring mail of the New World {rPois Dex+7}
  5076 | D:8      | Noticed a skeletal warrior
  5080 | D:8      | Noticed a komodo dragon
  5082 | D:8      | Reached skill level 5 in Fighting
  5090 | D:8      | Killed a komodo dragon
  5096 | D:8      | Killed a skeletal warrior
  5097 | D:8      | Reached skill level 7 in Axes
  5097 | D:8      | Reached skill level 1 in Throwing
  5180 | D:8      | Noticed a two-headed ogre
  5187 | D:8      | Killed a two-headed ogre
  5188 | D:8      | Reached XP level 10. HP: 58/96 MP: 9/9
  5198 | D:8      | Gained mutation: You have hidden genetic defects. [potion
                  | of mutation]
  5198 | D:8      | Gained mutation: You are robust. (+10% HP) [potion of
                  | mutation]
  5199 | D:8      | Lost mutation: You are robust. (+10% HP) [potion of
                  | mutation]
  5199 | D:8      | Lost mutation: You have hidden genetic defects. [potion of
                  | mutation]
  5199 | D:8      | Gained mutation: You have sharp toenails. [potion of
                  | mutation]
  5199 | D:8      | Gained mutation: You are weak. (Str -2) [potion of
                  | mutation]
  5199 | D:8      | Gained mutation: Your skin changes colour to match your
                  | surroundings (Stealth+). [potion of mutation]
  5659 | D:8      | Found Doest's General Store.
  6493 | D:9      | Reached skill level 8 in Axes
  6557 | D:9      | Noticed Joseph
  6570 | D:9      | Killed Joseph
  6670 | D:9      | Found a shimmering altar of Xom.
  6671 | D:9      | Found an ornate altar of the Wu Jian Council.
  6673 | D:9      | Found a white marble altar of Elyvilon.
  7125 | D:10     | Entered Level 10 of the Dungeon
  7226 | D:10     | Reached XP level 11. HP: 101/105 MP: 10/10
  7247 | D:10     | Noticed a boulder beetle
  7265 | D:10     | Killed a boulder beetle
  7426 | D:10     | Noticed a two-headed ogre
  7439 | D:10     | Killed a two-headed ogre
  7440 | D:10     | Reached skill level 9 in Axes
  7440 | D:10     | Reached skill level 5 in Shields
  7695 | D:10     | Noticed a two-headed ogre
  7717 | D:10     | Killed a two-headed ogre
  8036 | D:11     | Noticed a boulder beetle
  8064 | D:11     | Killed a boulder beetle
  8065 | D:11     | Reached skill level 5 in Armour
  8278 | D:11     | Reached ***** piety under Trog
  8284 | D:11     | Found a staircase to the Orcish Mines.
  8423 | D:11     | Found Zyroteq's Antique Armour Shop.
  8450 | D:11     | Noticed a boulder beetle
  8469 | D:11     | Killed a boulder beetle
  8470 | D:11     | Reached skill level 10 in Axes
  8637 | D:11     | Reached XP level 12. HP: 82/118 MP: 7/11
  8664 | D:11     | Found a staircase to the Lair.
  9117 | Lair:1   | Entered Level 1 of the Lair of Beasts
  9352 | Lair:1   | Identified the +4 short sword "Xeowae" {flame, rPois rF+
                  | Dex-5}
  9967 | Lair:1   | Reached skill level 11 in Axes
 10746 | Lair:2   | Found a staircase to the Shoals.
 10885 | Lair:2   | Identified the +7 rapier of the Growing Goat {holy, rC-
                  | Str+2 Dex+4}
 11270 | Shoals:1 | Entered Level 1 of the Shoals
 11283 | Shoals:1 | Found Loipoq's Armour Emporium.
 11441 | Shoals:1 | Noticed a merfolk javelineer
 11474 | Shoals:1 | Noticed a merfolk impaler
 11484 | Shoals:1 | Killed a merfolk javelineer
 11494 | Shoals:1 | Killed a merfolk impaler
 11511 | Shoals:1 | Noticed a centaur warrior
 11539 | Shoals:1 | Killed a centaur warrior
 11672 | Shoals:1 | Identified the +1 ring mail of the Witching Gods {-Cast
                  | Harm rN++}
 11673 | Shoals:1 | Identified the ring "Uryelog" {rN+ rCorr AC+4 SInv}
 11855 | Shoals:1 | Reached XP level 13. HP: 109/127 MP: 8/12
 11955 | Shoals:1 | Reached skill level 1 in Evocations
 12935 | Shoals:3 | Reached skill level 12 in Axes
 13091 | Shoals:4 | Entered Level 4 of the Shoals
 13091 | Shoals:4 | Noticed Polyphemus
 13107 | Shoals:4 | Killed Polyphemus
 13108 | Shoals:4 | Received a gift from Trog
 13257 | Shoals:4 | Found Reaweal's General Store.
 13335 | Shoals:4 | Noticed a merfolk impaler
 13352 | Shoals:4 | HP: 5/128 [manticore (9)]
 13354 | Shoals:4 | Mangled by a snapping turtle

Illustrated notes

Levels and vault maps discovered:
D:1:      eino_arrival_water_cross, layout_basic, minmay_pentomino_s2
D:2:      layout_rooms, chequers_big_river,
          nicolae_concentric_dashed_squares_mild, uniq_natasha
D:3:      layout_loops_corners, okawaru_altar_gauntlet_db,
          ebering_ecumenical_altar_abandoned, kennysheep_generic_room_10,
          uniq_grinder
D:4:      layout_rooms, minmay_distorted
D:5:      kennysheep_six_static_rooms, layout_cave_pods,
          biasface_ghost_orc_armoury
D:6:      layout_basic, uniq_edmund
D:7:      layout_rooms, temple_pool_b, nicolae_shop_clearance
D:8:      hangedman_cross_stitches, layout_layer_cave, serial_shops,
          nicolae_diamond_shop
D:9:      layout_cave_pods, chequers_temple_overflow_statue_of_worship,
          uniq_joseph
D:10:     layout_gridville
D:11:     layout_stronghold, grunt_lair_entry_orc_guard_hut, zombieorc1_lemuel,
          serial_shops, shop
Lair:1:   layout_layer_cave
Lair:2:   layout_layer_cave, minmay_shoals_entry_hut
Shoals:1: layout_shoals, serial_shops, nicolae_shop_waterfront,
          nicolae_shoals_this_corrosion
Shoals:2: layout_shoals
Shoals:3: layout_shoals, yaktaur_hedge
Shoals:4: shoals_end_grunt_ice, layout_shoals, serial_shops, shop,
          uniq_polyphemus, uniq_roxanne

Skill      XL: |  1  2  3  4  5  6  7  8  9 10 11 12 13 |
---------------+----------------------------------------+-----
Fighting       | 3 4 5 7 8 |  8.5
Dodging        | 3 4 5 6 7 |  7.3
Unarmed Combat | 5 |  5.5
Axes           | 1 3 5 7 8 10 11 12 | 12.3
Shields        | 1 2 3 4 5 6 7 |  7.6
Stealth        | 1 2 3 |  3.6
Armour         | 1 3 4 5 6 |  6.4
Throwing       | 1 |  1.7
Evocations     | 1 |  1.0

Action                   |  1- 3 |  4- 6 |  7- 9 | 10-12 | 13-15 || total
-------------------------+-------+-------+-------+-------+-------++-------
Melee: Unarmed           |    71 |    74 |       |       |       ||   145
       Punch             |     2 |     1 |       |       |       ||     3
       Hand axe          |       |    35 |   225 |   569 |   183 ||  1012
       Kick              |       |       |       |   210 |    87 ||   297
       Broad axe         |       |       |       |       |    24 ||    24
Throw: Boomerang         |       |       |     7 |     9 |     1 ||    17
Invok: Berserk           |     2 |     2 |     4 |     7 |     2 ||    17
       Brothers in Arms  |       |       |       |     2 |     1 ||     3
       Trog's Hand       |       |       |       |     1 |     2 ||     3
Evoke: Wand              |       |       |       |     9 |       ||     9
  Use: Scroll            |       |       |     6 |     9 |     5 ||    20
       Potion            |       |       |       |     2 |       ||     2
 Stab: Sleeping          |       |       |     1 |     8 |     2 ||    11
       Distracted        |       |       |       |     2 |       ||     2
       Petrified         |       |       |       |       |     9 ||     9
Armor: Animal skin       |    30 |       |       |       |       ||    30
       Robe              |     1 |    21 |    42 |       |       ||    64
       Skin              |       |     7 |       |       |       ||     7
       Swamp dragon scal |       |       |    78 |   242 |    94 ||   414
Dodge: Dodged            |    38 |    35 |    96 |   172 |    71 ||   412
Block: Kite shield       |       |    25 |   124 |   282 |   127 ||   558

Table legend: (Time is in decaauts)
 A = Elapsed time spent in this place.
 B = Non-inter-level travel time spent in this place.
 C = Inter-level travel time spent in this place.
 D = Time resting spent in this place.
 E = Time spent auto-exploring this place.
 F = Levels seen in this place.
 G = Mean time per level.
                   A        B        C        D        E       F      G
               +--------+--------+--------+--------+--------+-----+--------+
         Total |  13696 |  10615 |   3081 |    490 |   7227 |  17 |  805.6 |
       Dungeon |   9301 |   7468 |   1833 |    234 |   5344 |  11 |  845.5 |
          Lair |   2162 |   1458 |    704 |     32 |   1206 |   2 | 1081.0 |
        Shoals |   2233 |   1690 |    543 |    223 |    677 |   4 |  558.2 |
               +--------+--------+--------+--------+--------+-----+--------+

Top non-repeatable levels by time:
  Lair:1: 1280 daAuts
     D:8: 1250 daAuts
Shoals:1: 1154 daAuts
    D:11: 1098 daAuts
     D:5: 1001 daAuts
     D:3: 986 daAuts
     D:6: 939 daAuts
    D:10: 920 daAuts
  Lair:2: 881 daAuts
     D:9: 855 daAuts
     D:2: 684 daAuts
     D:4: 607 daAuts
     D:1: 529 daAuts
     D:7: 427 daAuts
Shoals:2: 396 daAuts
